 Dungeon Crawl Stone Soup version 0.31.0-11-ge490571c62 (webtiles) character file.

Game seed: 10089887427877559136

121 SnakkuSnakku7 the Cudgeller (level 4, 0/34 HPs)
             Began as an Armataur Hedge Wizard on Jan 27, 2024.
             Succumbed to an adder's poison
             ... on level 3 of the Dungeon.
             The game lasted 00:02:27 (1463 turns).

SnakkuSnakku7 the Cudgeller (Armataur Hedge Wizard) Turns: 1463, Time: 00:02:27

Health: 0/34       AC:  5    Str: 17    XL:     4   Next: 77%
Magic:  8/8        EV:  9    Int: 14    God:
Gold:   102        SH:  0    Dex: 10    Spells: 7/8 levels left

rFire   . . .        a - +1 flail (protect)
rCold   . . .        (no shield)
rNeg    . . .        b - +0 robe
rPois   .            s - +0 helmet
rElec   .            (no cloak)
rCorr   .            (no gloves)
SInv    .            (no barding)
Will    .....        (no amulet)
Stlth   ++           (no ring)
HPRegen 0.25/turn    (no ring)
MPRegen 0.11/turn

%: roll
@: lethally poisoned (0 -> -5)
A: large, deformed body, tough skin 3, armoured tail, roll 1
a: no special abilities


You were on level 3 of the Dungeon.
You visited 1 branch of the dungeon, and saw 3 of its levels.

You collected 102 gold pieces.

Inventory:

Hand Weapons
 a - a +1 flail of protection (weapon)
 f - a +0 dagger
 h - a +0 mace
Missiles
 m - 3 poisoned darts
Armour
 b - a +0 robe (worn)
 c - a +0 hat
 e - a +0 chain mail
 s - a +0 helmet (worn)
Jewellery
 q - a +6 ring of intelligence
 u - an amulet of the acrobat
Scrolls
 i - 5 scrolls of identify {unknown}
Potions
 d - a potion of magic
 g - 2 potions of mutation
 j - a potion of brilliance {unknown}
 k - 2 potions of heal wounds {unknown}
 l - a potion of berserk rage {unknown}
 p - 2 potions of curing {unknown}
 r - a potion of might {unknown}
 t - a potion of invisibility {unknown}


   Skills:
 - Level 0.6 Fighting
 + Level 3.9 Maces & Flails
 - Level 1.3 Dodging
 - Level 2.1 Stealth
 - Level 2.6 Spellcasting
 - Level 0.8 Conjurations
 - Level 0.7 Summonings
 - Level 1.0 Translocations


You had 7 spell levels left.
You knew the following spells:

 Your Spells              Type           Power      Damage    Failure   Level
a - Magic Dart            Conj           16%        1d3       16%         1

Your spell library contained the following spells:

 Spells                   Type           Power      Damage    Failure   Level
 Kiss of Death            Conj/Necr      12%        2d6       19%         1
 Slow                     Hex            4%         N/A       22%         1
 Blink                    Tloc           8%         N/A       22%         2
 Call Imp                 Summ           6%         N/A       26%         2
 Cigotuvi's Dreadful Rot  Necr/Alch/Air  2%         N/A       32%         2
 Mephitic Cloud           Conj/Alch/Air  2%         N/A       52%         3
 Confusing Touch          Hex            1%         N/A       54%         3
 Dispel Undead            Necr           1%         3d6       91%         4


Dungeon Overview and Level Annotations

Branches:
Dungeon (3/15)

Altars:

Annotations:
D:3 Jessica


Innate Abilities, Weirdness & Mutations

Armour fits poorly on your strangely shaped body.
You have extremely tough skin. (AC +3)
You have a long armoured tail.
You regenerate magic when rolling toward enemies. (Rampage MPRegen)


Message History

The orc priest closely misses you.
An adder comes into view.
You hear a shout! x2
You barely miss the orc priest.
The orc priest is moderately wounded.
The orc priest hits you with a +0 club.
You closely miss the orc priest. You tail-slap the orc priest.
The orc priest is heavily wounded.
The orc priest barely misses you.
You closely miss the orc priest.
The orc priest is heavily wounded.
You closely miss the orc. The orc hits you with a +0 falchion.
The orc shouts!
You hit the orc but do no damage.
Your weapon exudes an aura of protection.
You tail-slap the orc.
The orc is severely wounded.
The orc hits you but does no damage.
The orc priest invokes the aid of Beogh against you.
Beogh smites you!
* * * LOW HITPOINT WARNING * * *
You sock the orc!
You kill the orc!
You thump the orc priest!
You kill the orc priest!
The adder attacks as it pursues you! The adder bites you but does no damage.
The adder barely misses you. The orc attacks as it pursues you!
The orc hits you from afar with a +0 trident.
* * * LOW HITPOINT WARNING * * *
The adder bites you but does no damage.
Items here: ( ))) [ ††.
The adder attacks as it pursues you! The adder bites you.
* * * LOW HITPOINT WARNING * * *
You are lethally poisoned!
The adder poisons you!
There is a stone staircase leading up, spattered with blood here.
It was a potion of mutation.
You feel extremely strange.
Your thoughts seem clearer.
Your thinking seems confused.
You die...

.....K..###.oo#####.###
.#####.## #.#.# # .# #.# #
#o# .# #.# #.#o# .# #.#
#.#.# .# #K# #.<.# .# ##.##
###o## K#
##...####..o###### .#
#..#......#.S@...#
.###.....###...####.#
...#.###.# ##.## #.#
...#.###.####.# #.#
..............# #.#
.......#..#.### #.#
..........#.#### #.#
..........#....# #.#
#........#####.####.#######


You could see an adder and 2 orcs.

Vanquished Creatures
  An orc priest (D:3)
  Robin (D:3)
  An adder (D:2)
  A dart slug (D:2)
  7 orcs (D:3)
  A ball python (D:2)
  5 bats
  5 endoplasms
  17 goblins
  6 hobgoblins
  2 jackals (D:1)
  3 quokkas
  2 frilled lizards (D:2)
  2 kobolds
  2 rats
56 creatures vanquished.

Notes
Turn   | Place    | Note
-------+----------+-------------------------------------------
     0 | D:1      | SnakkuSnakku7 the Armataur Hedge Wizard began the quest for
                  | the Orb.
     0 | D:1      | Reached XP level 1. HP: 14/14 MP: 4/4
   110 | D:1      | Reached skill level 1 in Maces & Flails
   140 | D:1      | Reached XP level 2. HP: 22/22 MP: 5/5
   376 | D:1      | Reached skill level 2 in Maces & Flails
   581 | D:2      | Reached XP level 3. HP: 16/27 MP: 7/7
   982 | D:3      | Noticed Robin
  1130 | D:2      | Reached skill level 3 in Maces & Flails
  1191 | D:3      | Killed Robin
  1192 | D:3      | Reached XP level 4. HP: 34/34 MP: 8/8
  1298 | D:3      | Noticed Jessica
  1463 | D:3      | Gained mutation: You possess an exceptional clarity of
                  | mind. [potion of mutation]
  1463 | D:3      | Lost mutation: You possess an exceptional clarity of mind.
                  | [potion of mutation]
  1463 | D:3      | Succumbed to an adder's poison

Illustrated notes

Levels and vault maps discovered:
D:1:      dpeg_arrival_court, layout_rooms
D:2:      layout_basic, amcnicky_mini_corridor_feature
D:3:      layout_loops_ring, minmay_misc_feat_secret_circle, uniq_jessica,
          uniq_robin

Skill      XL: |  1  2  3 |
---------------+----------+-----
Maces & Flails | 1 2 3 |  3.9
Fighting       | |  0.6
Dodging        | |  1.3
Stealth        | |  2.1
Spellcasting   | |  2.6
Conjurations   | |  0.8
Summonings     | |  0.7
Translocations | |  1.0

Action                     |  1- 3 |  4- 6 || total
---------------------------+-------+-------++-------
  Melee: Dagger            |    14 |       ||    14
         Mace              |     4 |       ||     4
         Tailslap          |    12 |     6 ||    18
         Flail             |   103 |    46 ||   149
         Punch             |     1 |       ||     1
    Use: Scroll            |       |     2 ||     2
         Potion            |       |     1 ||     1
   Stab: Sleeping          |     5 |     1 ||     6
 Armour: Robe              |    96 |    71 ||   167
  Dodge: Dodged            |    79 |    41 ||   120
